 Dungeon Crawl Stone Soup version 0.24.0-10-g970556be89 (webtiles) character file.

Game seed: 17075974452712929308, levelgen mode: deterministic

351 Monsterracer the Chopper (level 6, -7/56 HPs)
             Began as a Deep Dwarf Fighter on Nov 3, 2019.
             Killed from afar by Pikel (18 damage)
             ... with a bolt of acid
             ... on level 5 of the Dungeon.
             The game lasted 00:06:46 (1090 turns).

Monsterracer the Chopper (Deep Dwarf Fighter)       Turns: 1090, Time: 00:06:47

Health: -7/56      AC:  3    Str: 27    XL:     6   Next: 34%
Magic:  4/4        EV:  7    Int:  8    God:
Gold:   98         SH: 10    Dex: 12    Spells: 5/5 levels left

rFire    x . .     SeeInvis .   a - +0 war axe
rCold    + . .     Gourm    .   f - +0 shield
rNeg     . . .     Faith    .   b - +0 scale mail
rPois    .         Spirit   .   (no helmet)
rElec    .         Reflect  .   (no cloak)
rCorr    .         Harm     .   (no gloves)
MR       .....                  (no boots)
Stlth    ..........             (no amulet)
HPRegen  0.00/turn              e - ring of ice
MPRegen  0.09/turn              (no ring)

@: mighty, corroded, non-regenerating
A: damage resistance, heal wounds, sense surroundings 1, no regeneration
a: Heal Wounds


You were on level 5 of the Dungeon.
You were hungry.

You visited 1 branch of the dungeon, and saw 5 of its levels.

You collected 98 gold pieces.

Inventory:

Hand Weapons
 a - a +0 war axe (weapon)
 k - a +0 flail
   (You took it off an orc priest on level 3 of the Dungeon)
Armour
 b - a +0 scale mail (worn)
 f - a +0 shield (worn)
Jewellery
 e - a ring of ice (left hand)
   (You found it on level 1 of the Dungeon)
Scrolls
 d - 2 scrolls of remove curse {unknown}
 g - 3 scrolls of identify {unknown}
 i - a scroll of teleportation {unknown}
 n - a scroll of enchant armour {unknown}
 o - a scroll of magic mapping {unknown}
 q - a scroll of amnesia {unknown}
Potions
 h - 2 potions of curing {unknown}
 l - a potion of ambrosia {unknown}
 m - 2 potions of invisibility {unknown}
 r - a potion of flight {unknown}
Comestibles
 c - 8 rations


   Skills:
 + Level 3.3 Fighting
 * Level 6.2 Axes
 + Level 4.0 Armour
 + Level 4.0 Shields


You had 5 spell levels left.
You didn't know any spells.
Your spell library contained the following spells:

 Spells                   Type           Power        Failure   Level  Hunger
 Confusing Touch          Hex            #.....       98%         1    ##.....
 Confuse                  Hex            #.......     100%        3    ####...
 Gell's Gravitas          Tloc           #.........   100%        3    ####...
 Petrify                  Tmut/Erth      #.......     100%        4    #####..
 Metabolic Englaciation   Hex/Ice        #.........   100%        5    ######.
 Yara's Violent Unravell  Hex/Tmut       #.........   100%        5    ######.


Dungeon Overview and Level Annotations

Branches:
Dungeon (5/15)
 Temple: D:4-7

Altars:
Zin

Annotations:
D:4 2 transporters
D:5 1 runed translucent door, Pikel; Prince Ribbit; wullow's ghost, novice GrVM


Innate Abilities, Weirdness & Mutations

You are resistant to damage.
You can heal yourself by infusing magical energy.
You passively map a small area around you.
You do not regenerate.


Message History

Unknown command.
You completely miss the giant cockroach zombie.
The giant cockroach zombie is heavily damaged.
The giant cockroach zombie bites you but does no damage.
You hit the giant cockroach zombie.
The giant cockroach zombie is severely damaged.
The giant cockroach zombie completely misses you.
The giant cockroach zombie barely misses you.
You hit the giant cockroach zombie but do no damage.
The giant cockroach zombie is severely damaged.
You block the giant cockroach zombie's attack.
You slash the giant cockroach zombie!
You destroy the giant cockroach zombie!
Found a glowing grey potion.
A worker ant comes into view.
The worker ant twitches its antennae in your direction.
The worker ant bites you.
You are poisoned.
The worker ant poisons you!
You see here a glowing grey potion.
You hit the worker ant.
The worker ant is lightly wounded.
The worker ant barely misses you.
You hit the worker ant.
The worker ant is moderately wounded.
The worker ant bites you but does no damage.
The worker ant barely misses you.
You hit the worker ant but do no damage.
The worker ant is moderately wounded.
The worker ant bites you but does no damage.
You slash the worker ant!
The worker ant is severely wounded.
The worker ant bites you.
The worker ant bites you but does no damage.
You slash the worker ant!
You kill the worker ant!
r - a glowing grey potion
There are no items here.
Wullow's ghost turns its malevolent gaze towards you.
Found a bone wand.
Found a runed translucent door.
Press: ? - help, v - describe, . - travel
Here: wullow's ghost (fire blocked by a translucent stone wall)
The floor. 3 slaves and Pikel come into view.
Pikel is wielding a +0 whip of flaming.
Pikel shouts!
The slave shouts!
Something shouts, "Tremble, thou pottle-deep hell-hated bloater!"
You hear a shout!
A slave comes into view.
All of the chunks of flesh in your inventory have rotted away.
You closely miss the slave. You block the slave's attack.
Prince Ribbit comes into view.
An adder comes into view.
You block the slave's attack.
You miss the slave.
Prince Ribbit gives a loud, deep croak!
A shadow imp comes into view.
You block the slave's attack.
You miss Prince Ribbit. You closely miss the slave.
You are no longer poisoned.
Prince Ribbit hits you!
Okay, then.
You feel very mighty all of a sudden. Prince Ribbit hits you!
* * * LOW HITPOINT WARNING * * *
Prince Ribbit barely misses you.
You closely miss Pikel. You slash Prince Ribbit!
You block Prince Ribbit's attack.
Pikel zaps a wand.
The bolt of acid misses you. Pikel hits you but does no damage.
Prince Ribbit hits you!
* * * LOW HITPOINT WARNING * * *
You feel much better. You block Prince Ribbit's attack.
Pikel hits you but does no damage.
Your shield and scale mail prevent you from hitting Pikel.
You barely miss Prince Ribbit. You block Prince Ribbit's attack. x2
Pikel hits you with a +0 whip of flaming.
Pikel burns you.
You closely miss Pikel. You slash Prince Ribbit!
You block Prince Ribbit's attack.
Pikel zaps a wand.
The bolt of acid misses you.
Prince Ribbit mumbles some strange words.
Prince Ribbit looks slightly unstable.
You barely miss Pikel.
Your shield prevents you from hitting Prince Ribbit.
You are feeling hungry.
Prince Ribbit blinks!
Pikel zaps a wand.
The bolt of acid hits you! The acid corrodes you!
You are splashed with acid!
* * * LOW HITPOINT WARNING * * *
Prince Ribbit blinks!
You hit Pikel.
Pikel is lightly wounded.
Prince Ribbit disappears!
Pikel hits you with a +0 whip of flaming!
* * * LOW HITPOINT WARNING * * *
Pikel burns you.
* * * LOW HITPOINT WARNING * * *
Wullow's ghost says, "Watch and be amazed!"
The adder bites you.
Pikel says, "I just want to get paid!"
Pikel zaps a wand.
The bolt of acid hits you!!
You die...

####### ####.####
#.......# ,
#.##.##.#
###########.##.##.#
#..............##.#
####..##############
#P.#..# #8/+..# *
#PW#@## *
####SKpppp.# , *
#5#####ยง# * ,,,...
, * **##. , , , **
## * * *, *


You could see Pikel, 4 slaves, wullow's ghost, an adder and a shadow imp.

Vanquished Creatures
  A scorpion (D:4)
  A howler monkey (D:4)
  An orc priest (D:3)
  A bullfrog skeleton (D:4)
  An orc wizard (D:4)
  A worker ant (D:5)
  A hound skeleton (D:3)
  6 adders (D:2 D:3 D:4)
  An ooze (D:3)
  2 worms (D:2 D:3)
  A dart slug (D:1)
  3 leopard geckos (D:1 D:4)
  9 orcs (D:3 D:4)
  A giant cockroach (D:4)
  9 hobgoblins (D:2 D:1 D:3)
  7 jackals (D:1)
  6 kobolds (D:1 D:2 D:3)
  A quokka (D:3)
  6 bats (D:1 D:2 D:3)
  4 frilled lizards (D:1 D:2 D:3)
  A giant cockroach zombie (D:5)
  3 goblins (D:1 D:2 D:3)
  2 rats (D:1 D:2)
69 creatures vanquished.

Notes
Turn   | Place    | Note
-------+----------+-------------------------------------------
     0 | D:1      | Monsterracer the Deep Dwarf Fighter began the quest for the
                  | Orb.
     0 | D:1      | Reached XP level 1. HP: 20/20 MP: 1/1
   119 | D:1      | Reached skill level 3 in Axes
   119 | D:1      | Reached XP level 2. HP: 17/27 MP: 2/2
   235 | D:2      | HP: 9/27 [worm (5)]
   285 | D:2      | Reached XP level 3. HP: 30/33 MP: 3/3
   328 | D:2      | Reached skill level 4 in Axes
   463 | D:3      | Reached XP level 4. HP: 24/40 MP: 4/4
   489 | D:3      | HP: 17/40 [orc priest/+0 flail (4)]
   494 | D:3      | Reached skill level 5 in Axes
   550 | D:3      | Found a glowing silver altar of Zin.
   705 | D:3      | Reached XP level 5. HP: 25/48 MP: 4/4
   741 | D:4      | Found a transporter.
   757 | D:4      | Found a transporter.
   851 | D:4      | Reached skill level 6 in Axes
   868 | D:4      | Reached XP level 6. HP: 28/56 MP: 4/4
  1033 | D:5      | Entered Level 5 of the Dungeon
  1075 | D:5      | Found a runed translucent door.
  1075 | D:5      | Noticed wullow's ghost (novice GrVM)
  1080 | D:5      | Noticed Pikel
  1080 | D:5      | Noticed a slave
  1080 | D:5      | Noticed a slave
  1080 | D:5      | Noticed a slave
  1080 | D:5      | Noticed a slave
  1081 | D:5      | Noticed Prince Ribbit
  1084 | D:5      | HP: 20/56 [Prince Ribbit (16)]
  1085 | D:5      | HP: 9/56 [Prince Ribbit (11)]
  1090 | D:5      | HP: 14/56 [Pikel/+0 whip of flaming (7)]
  1090 | D:5      | Killed from afar by Pikel

Levels and vault maps discovered:
D:1:      wander_arrival_chamber, layout_loops_ring, serial_bayou_crossing
D:2:      layout_basic, chequers_temple_overflow_minitemple, first_ration
D:3:      layout_loops_ring, zin_treasury
D:4:      gammafunk_wand_slinger, layout_loops_ring, old_standard_altar,
          lemuel_crystal_altar
D:5:      lemuel_upstairs_altar, layout_loops_ring, gammafunk_ghost_grave,
          uniq_prince_ribbit1, uniq_crazy_yiuf_cottage, uniq_pikel

Skill      XL: |  1  2  3  4  5  6 |
---------------+-------------------+-----
Axes           | 3 4 5 6 |  6.2
Fighting       | 3 |  3.3
Armour         | 4 |  4.0
Shields        | 4 |  4.0

Action                   |  1- 3 |  4- 6 || total
-------------------------+-------+-------++-------
Melee: War axe           |   114 |   166 ||   280
 Abil: Heal Wounds       |     1 |     4 ||     5
  Use: Potion            |       |     1 ||     1
  Eat: Chunk             |       |     1 ||     1
Armor: Scale mail        |    55 |    69 ||   124
Dodge: Dodged            |    40 |    45 ||    85
Block: Shield            |    58 |    79 ||   137
